 Dungeon Crawl Stone Soup version 0.26-a0-566-gbc9326e (webtiles) character file.

Game seed: 1600307689368638327

125 FrankyJ the Ducker (level 5, -2/31 HPs)
             Began as an Octopode Hedge Wizard on Aug 20, 2020.
             Was an Initiate of Cheibriados.
             Slain by a gnoll
             ... wielding a +0 spear
              (5 damage)
             ... on level 3 of the Dungeon on Aug 24, 2020.
             The game lasted 00:10:07 (3172 turns).

FrankyJ the Ducker (Octopode Hedge Wizard)          Turns: 3172, Time: 00:10:08

Health: -2/31      AC:  1    Str:  8    XL:     5   Next: 9%
Magic:  9/9        EV: 12    Int: 19    God:    Cheibriados [......]
Gold:   192        SH:  9    Dex: 12    Spells: 7/10 levels left

rFire    . . .     SeeInvis .   (no weapon)
rCold    . . .     Faith    .   h - +2 kite shield
rNeg     . . .     Spirit   .   b - +0 hat
rPois    .         Reflect  .   (no amulet)
rElec    .         Harm     .   (no ring)
rCorr    .                      (no ring)
MR       +....                  (no ring)
Stlth    +++.......             (no ring)
HPRegen  0.10/turn              (no ring)
MPRegen  0.11/turn              (no ring)
                                (no ring)
                                (no ring)

@: slow
A: almost no armour, stealthy swim, amphibious, 8 rings, constrict 8, camouflage
1, magic resistance 1, weak 1, gelatinous body 1
a: Bend Time, Renounce Religion


You were on level 3 of the Dungeon.
You worshipped Cheibriados.
Cheibriados was noncommittal.
You visited 1 branch of the dungeon, and saw 3 of its levels.

You collected 192 gold pieces.

Inventory:

Hand Weapons
 a - a +0 dagger
 c - a +0 club
Armour
 b - a +0 hat (worn)
 h - a +2 kite shield (worn)
Jewellery
 e - an uncursed ring of ice


   Skills:
 - Level 4.2 Dodging
 - Level 3.0 Stealth
 + Level 2.0 Shields
 - Level 3.1 Spellcasting
 - Level 1.0 Conjurations
 - Level 1.0 Summonings
   Level 1.0 Translocations


You had 7 spell levels left.
You knew the following spells:

 Your Spells              Type           Power        Failure   Level
a - Magic Dart            Conj           #...         47%         1
b - Call Imp              Summ           #.......     63%         2

Your spell library contained the following spells:

 Spells                   Type           Power        Failure   Level
 Blink                    Tloc           N/A          63%         2
 Slow                     Hex            #.......     77%         2
 Conjure Flame            Conj/Fire      #.......     89%         3
 Mephitic Cloud           Conj/Pois/Air  #.......     91%         3


Dungeon Overview and Level Annotations

Branches:
Dungeon (3/15)

Altars:
Cheibriados
Fedhas
Xom


Innate Abilities, Weirdness & Mutations

You cannot wear most types of armour.
You are very stealthy in the water. (Stealth+)
You are amphibious.
You can wear up to eight rings at the same time.
You can use your tentacles to constrict eight enemies at once.
Your skin changes colour to match your surroundings (Stealth+).
Your rubbery body absorbs attacks. (AC +1, EV +1)
You are resistant to hostile enchantments. (MR+)
You are weak. (Str -2)


Message History

The gnoll hits you with a +0 spear!
* * * LOW HITPOINT WARNING * * *
Really attack unarmed? [Y]es or [N]o only, please.
Really attack unarmed? [Y]es or [N]o only, please.
Really attack unarmed? [Y]es or [N]o only, please.
Really attack unarmed?
Okay, then.
Unknown command.
As you read the scroll labeled SIOMOE XENO, it crumbles to dust.
You feel blessed for a moment.
It was a scroll of remove curse.
The gnoll misses you.
You aren't carrying any scrolls.
Unknown command.
You aren't carrying any potions.
The gnoll closely misses you.
The gnoll hits you from afar with a +0 spear.
You die...

#.# #≈≈....≈§#
*,,,,##### #.#
#≈..##..≈#
*,,,,* #.#
#≈.####.≈#
*,,,,* #.#
#≈.####.≈#
*,,,,* #.#
#≈..##..≈#
*,,,,* #.#
#§≈....≈≈#
*,,,,*
##.#####≈≈≈≈≈≈**
***,******
#......######**
*,,,,,,,
#..##.....@.#
********
#..##.#####.#
#..##.# #g#
#.....# #g#
#..#### #g#
#.##******#.#
#.,,,,,,,,.g#
**********###


You could see 4 gnolls.

Vanquished Creatures
  A hound (D:2)
  3 adders
  A worm (D:2)
  A dart slug (D:1)
  4 leopard geckos
  5 orcs
  6 bats
  3 giant cockroaches
  9 goblins
  5 hobgoblins (D:1)
  4 jackals (D:1)
  A ball python (D:3)
  4 frilled lizards (D:1)
  2 kobolds (D:1)
  4 rats
53 creatures vanquished.

Vanquished Creatures (collateral kills)
  A frilled lizard (D:1)
1 creature vanquished.

Vanquished Creatures (others)
  A plant (D:2)
1 creature vanquished.

Grand Total: 55 creatures vanquished

Notes
Turn   | Place    | Note
-------+----------+-------------------------------------------
     0 | D:1      | FrankyJ the Octopode Hedge Wizard began the quest for the
                  | Orb.
     0 | D:1      | Reached XP level 1. HP: 11/11 MP: 4/4
    45 | D:1      | Reached XP level 2. HP: 15/17 MP: 0/6
   528 | D:1      | Reached skill level 3 in Dodging
   540 | D:1      | Reached XP level 3. HP: 21/21 MP: 2/7
   545 | D:1      | Learned a level 2 spell: Call Imp
  1137 | D:2      | Reached skill level 4 in Dodging
  1137 | D:2      | Reached XP level 4. HP: 20/27 MP: 8/8
  1139 | D:2      | Found a blossoming altar of Fedhas.
  1363 | D:2      | Gained mutation: You are weak. (Str -2) [potion of
                  | mutation]
  1363 | D:2      | Gained mutation: You are resistant to hostile enchantments.
                  | (MR+) [potion of mutation]
  1666 | D:2      | Found a shimmering altar of Xom.
  1702 | D:2      | Found a snail-covered altar of Cheibriados.
  2029 | D:2      | Reached skill level 1 in Shields
  2864 | D:2      | Became a worshipper of Cheibriados the Contemplative
  2944 | D:3      | Reached XP level 5. HP: 28/31 MP: 9/9
  3172 | D:3      | Slain by a gnoll

Illustrated notes

Levels and vault maps discovered:
D:1:      dpeg_arrival_rooms_with_view, layout_rooms
D:2:      layout_rooms, tgw_xom, fedhas_ov_isle_minmay, minmay_misc_feat_plants,
          cheibriados_altar_1
D:3:      layout_basic, chequers_temple_overflow_statue_of_worship,
          kennysheep_another_room

Skill      XL: |  1  2  3  4 |
---------------+-------------+-----
Stealth        | 3 |  3.0
Dodging        | 3 4 |  4.2
Shields        | 2 |  2.0
Spellcasting   | |  3.1
Conjurations   | |  1.0
Summonings     | |  1.0
Translocations | |  1.0

Action                   |  1- 3 |  4- 6 || total
-------------------------+-------+-------++-------
Melee: Dagger            |    52 |    54 ||   106
       Constrict         |    13 |    12 ||    25
       Tentacles         |    14 |     7 ||    21
 Cast: Magic Dart        |    33 |       ||    33
       Call Imp          |     1 |       ||     1
  Use: Potion            |       |     2 ||     2
       Scroll            |       |     5 ||     5
 Stab: Sleeping          |     3 |     2 ||     5
       Distracted        |       |     1 ||     1
Armor: Skin              |     8 |     3 ||    11
Dodge: Dodged            |    49 |    24 ||    73
Block: Kite shield       |       |    14 ||    14

Table legend: (Time is in decaauts)
 A = Elapsed time spent in this place.
 B = Non-inter-level travel time spent in this place.
 C = Inter-level travel time spent in this place.
 D = Time resting spent in this place.
 E = Time spent auto-exploring this place.
 F = Levels seen in this place.
 G = Mean time per level.
                   A        B        C        D        E       F      G
               +--------+--------+--------+--------+--------+-----+--------+
         Total |   3246 |   3131 |    115 |    969 |   1622 |   3 | 1082.0 |
       Dungeon |   3246 |   3131 |    115 |    969 |   1622 |   3 | 1082.0 |
               +--------+--------+--------+--------+--------+-----+--------+

Top non-repeatable levels by time:
     D:2: 1274 daAuts
     D:1: 1119 daAuts
     D:3: 852 daAuts
